 Dungeon Crawl Stone Soup version 0.30-a0-996-ga6910c8ee8 (webtiles) character file.

Game seed: 16942759000816748688

1565 ytrimaz the Ducker (level 9, -6/61 HPs)
             Began as a Meteoran Transmuter on Apr 5, 2023.
             Mangled by a yak (10 damage)
             ... on level 8 of the Dungeon.
             The game lasted 00:09:33 (4591 turns).

ytrimaz the Ducker (Meteoran Transmuter)            Turns: 4591, Time: 00:09:34

Health: -6/61      AC:  8    Str: 13    XL:     9   Next: 35%
Magic:  5/20       EV: 13    Int: 19    God:
Gold:   519        SH:  0    Dex: 14    Spells: 12/22 levels left

rFire   x . .      SeeInvis .      - Unarmed
rCold   + + +      Faith    .    (shield currently unavailable)
rNeg    . . .      Spirit   .    a - melded +0 robe
rPois   +          Reflect  .    (helmet currently unavailable)
rElec   .          Rampage  .    y - melded +0 cloak
rCorr   .                        (gloves currently unavailable)
Will    +....                    (boots currently unavailable)
Stlth   +                        (no amulet)
HPRegen 0.30/turn                k - ring of wizardry
MPRegen 0.17/turn                (no ring)

@: ice-form, wereblooded, glowing
A: freezing attack, amphibious, boosted hp, large, sense surroundings 2,
otherworldly, glowing, explore regen
a: End Transformation


You were on level 8 of the Dungeon.
You were a creature of crystalline ice.
You visited 1 branch of the dungeon, and saw 8 of its levels.
You also visited: Ossuary.

You collected 519 gold pieces.


Innate Abilities, Weirdness & Mutations

You are a creature of crystalline ice.
You have a powerful freezing melee attack.
You are amphibious.
Your maximum health is increased.
Your armour is entirely melded.
You are incapable of wielding weapons or throwing items.
You passively map the area around you.
You are easily found by Zot.
You glow in the dark.
You regain HP and MP as you explore.


   Skills:
 - Level 1.6 Fighting
 + Level 7.8 Dodging
 + Level 3.9 Unarmed Combat
 - Level 7.0 Spellcasting
 - Level 7.0 Transmutations
 - Level 3.0 Ice Magic
 - Level 3.0 Poison Magic


You had 12 spell levels left.
You knew the following spells:

 Your Spells              Type           Power      Damage    Failure   Level
a - Beastly Appendage     Tmut           66%        N/A       1%          1
b - Wereblood             Tmut           33%        N/A       1%          2
c - Spider Form           Tmut/Pois      25%        N/A       1%          3
d - Ice Form              Ice/Tmut       25%        N/A       5%          4

Your spell library contained the following spells:

 Spells                   Type           Power      Damage    Failure   Level
 Passwall                 Tmut/Erth      15%        N/A       1%          2
 Apportation              Tloc           12%        N/A       4%          1
 Necrotise                Necr           24%        1d5       4%          1
 Sandblast                Erth           12%        2d6       4%          1
 Summon Small Mammal      Summ           24%        N/A       4%          1
 Stone Arrow              Conj/Erth      12%        3d7       12%         3
 Anguish                  Hex/Necr       3%         N/A       36%         4
 Enfeeble                 Hex            3%         N/A       100%        7

Inventory:

Armour
 a - a +0 robe (melded)
 y - a +0 cloak (melded)
   (You found it on level 6 of the Dungeon)
Jewellery
 k - a ring of wizardry (left front paw)
   (You found it on level 2 of the Dungeon)
 C - a ring of see invisible
   (You found it on level 5 of the Dungeon)
Wands
 w - a wand of light (14) (quivered)
   (You found it on level 5 of the Dungeon)
 x - a wand of digging (6)
   (You found it on level 7 of the Dungeon)
Scrolls
 e - a scroll of enchant weapon
 g - 2 scrolls of blinking
 h - a scroll of poison {unknown}
 i - 3 scrolls of noise
 l - a scroll of vulnerability {unknown}
 o - 2 scrolls of amnesia {unknown}
 q - a scroll of fear {unknown}
 r - a scroll of enchant armour {unknown}
 s - 7 scrolls of teleportation
 t - 4 scrolls of magic mapping
Potions
 b - 4 potions of lignification
 c - a potion of flight {unknown}
 d - 2 potions of curing
 f - a potion of attraction {unknown}
 j - a potion of brilliance {unknown}
 m - 2 potions of mutation {unknown}
 n - 3 potions of resistance
 p - a potion of cancellation {unknown}
 u - a potion of magic {unknown}
 v - 2 potions of ambrosia {unknown}
 z - 2 potions of berserk rage {unknown}
 A - 2 potions of might {unknown}
 B - a potion of heal wounds {unknown}

Dungeon Overview and Level Annotations

Branches:
Dungeon (8/15) Zot: 703   Ossuary (visited)
 Temple: D:4-7         Lair: D:8-11

Altars:
Elyvilon
Qazlal

Shops:
D:4 [ D:6

* ### #.# ###### ##.#### #..YY##
####..##.# #.###Y## #.##..#.##
##.###Y#### # #.#.....#
#.###.Y..# ,# ###......##
#..##....## * .#### ..#......#
##...<..Y..###......
.........#####........#.....Y.Y..
.................#..####......##.
..#####..######.....# #......##


You could see 4 yaks.


Message History

t - 4 scrolls of magic mapping (gained 2) Key pressed, stopping explore.
Found a stone staircase leading up.
There is a stone staircase leading up here.
A yak comes into view.
The yak bellows!
A yak is nearby!
A yak is nearby!
Casting: Ice Form (dangerous; 5% risk of failure)
Confirm with . or Enter, or press ? or * to list all spells.
You miscast Ice Form.
You are very lightly contaminated with residual magic.
Nothing appears to happen.
A yak comes into view. 😎 MP[-4]
You lost 4 mp, and now have 16/20 mp.
A yak comes into view.
The yak bellows!
A yak comes into view. x2
Casting: Ice Form (dangerous; 5% risk of failure)
Confirm with . or Enter, or press ? or * to list all spells.
You turn into a creature of crystalline ice.
Your +0 cloak melds into your body.
Your +0 robe melds into your body.
The yak bellows! 😎 HP[+10] MP[-3]
You now have 61 max hp (+10).
Your hp is fully restored (61).
You lost 3 mp, and now have 13/20 mp.
Casting: Ice Form (dangerous; 5% risk of failure)
Confirm with . or Enter, or press ? or * to list all spells.
Your blood is infused with primal strength.
A yak comes into view. 😎 MP[-2]
You lost 2 mp, and now have 11/20 mp.
Unknown command.
The yak attacks as you move away! The yak gores you but does no damage.
Your magical contamination has completely faded away. 😎 MP[+1]
The yak attacks as you move away! The yak gores you but does no damage.
The yak attacks as you move away! The yak gores you! 😕 HP[-8]
You take 8 damage, and now have 53/61 hp.
Unknown command.
Unknown command.
The yak attacks as you move away! The yak gores you. 😕 HP[-5]
You take 5 damage, and now have 48/61 hp.
Casting: Wereblood (safe; 1% risk of failure)
Confirm with . or Enter, or press ? or * to list all spells.
You warm up again.
Your +0 cloak unmelds from your body.
Your +0 robe unmelds from your body.
You turn into a venomous arachnid creature.
Your +0 cloak melds into your body.
Your +0 robe melds into your body.
The yak gores you! 😮 HP[-19] MP[-3]
You now have 51 max hp (-10).
You take 19 damage, and now have 29/51 hp.
MASSIVE DAMAGE!! (PAUSE)
You lost 3 mp, and now have 9/20 mp.
Casting: Spider Form (dangerous; 4% risk of failure)
Confirm with . or Enter, or press ? or * to list all spells.
Your blood is freshly infused with primal strength!
The yak completely misses you. 😮 HP[+1] MP[-1]
You lost 1 mp, and now have 8/20 mp.
Unknown command.
You hit the yak. The yak gores you!
* * * LOW HITPOINT WARNING * * *
😨 HP[-8]
You take 8 damage, and now have 22/51 hp.
You hit the yak but do no damage.
You are too injured to fight recklessly!
Casting: Wereblood (safe; 1% risk of failure)
Confirm with . or Enter, or press ? or * to list all spells.
The spell is quite dangerous to miscast (12% risk of failure)!
Continue anyway?
Your transformation has ended.
Your +0 cloak unmelds from your body.
Your +0 robe unmelds from your body.
You turn into a creature of crystalline ice.
Your +0 cloak melds into your body.
Your +0 robe melds into your body.
The yak gores you!
* * * LOW HITPOINT WARNING * * *
😨 HP[-6] MP[-4]
You now have 61 max hp (+10).
You lost 4 mp, and now have 4/20 mp.
Unknown command.
You are too injured to fight recklessly!
You are too injured to fight recklessly!
You are too injured to fight recklessly!
You are too injured to fight recklessly!
You are too injured to fight recklessly!
You barely miss the yak. The yak gores you.
* * * LOW HITPOINT WARNING * * *
😱 HP[-2]
You take 2 damage, and now have 14/61 hp.
You hit the yak but do no damage. The yak gores you!
* * * LOW HITPOINT WARNING * * *
😱 HP[-11]
You take 11 damage, and now have 3/61 hp.
You hit the yak but do no damage.
The yak gores you but does no damage. 😱 HP[+1] MP[+1]
You punch the yak! You freeze the yak. The yak gores you!
You die...

Skill      XL: |  1  2  3  4  5  6  7  8  9 |
---------------+----------------------------+-----
Spellcasting   | 3 4 5 6 7 |  7.0
Transmutations | 3 4 5 6 7 |  7.0
Poison Magic   | 1 2 3 |  3.0
Ice Magic      | 3 |  3.0
Dodging        | 5 7 |  7.8
Fighting       | |  1.6
Unarmed Combat | |  3.9

Action                     |  1- 3 |  4- 6 |  7- 9 || total
---------------------------+-------+-------+-------++-------
  Melee: Unarmed           |    67 |    82 |   234 ||   383
         Kick              |    14 |    13 |       ||    27
         Punch             |     2 |     1 |     1 ||     4
         Headbutt          |     7 |     4 |       ||    11
   Cast: Beastly Appendage |    20 |     9 |       ||    29
         Spider Form       |       |    11 |    11 ||    22
         Wereblood         |       |     2 |     8 ||    10
         Ice Form          |       |     1 |    17 ||    18
    Use: Scroll            |       |     3 |     5 ||     8
         Potion            |       |       |     4 ||     4
 Armour: Robe              |    18 |     4 |     1 ||    23
         Skin              |       |    13 |    90 ||   103
  Dodge: Dodged            |    27 |    67 |   133 ||   227

Levels and vault maps discovered:
D:1:      matt_arrival_grand_opening, layout_rooms, minmay_crystal_room,
          minmay_pentomino_o2
D:2:      layout_basic, ebering_ecumenical_altar_abandoned,
          serial_park_tiny_pond
D:3:      layout_basic, minmay_unequal
D:4:      layout_basic, serial_shops, shop, nicolae_ossuary_entry_ruins,
          hangedman_decor_growths
D:5:      layout_basic, gammafunk_temple_overflow_pools
D:6:      layout_basic, serial_shops, nicolae_take_the_stairs
D:7:      layout_basic, temple_hall, chequers_big_river, minmay_crossroads
D:8:      layout_layer_cave, serial_shops, nicolae_shop_behind_doors

Notes
Turn   | Place    | Note
-------+----------+-------------------------------------------
     0 | D:1      | ytrimaz the Meteoran Transmuter began the quest for the
                  | Orb.
     0 | D:1      | Reached XP level 1. HP: 16/16 MP: 5/5
     0 | D:1      | magus.rc [v1.9.6]
    99 | D:1      | Reached XP level 2. HP: 12/23 MP: 4/6
   197 | D:1      | Reached skill level 3 in Spellcasting
   202 | D:1      | Learned a level 2 spell: Wereblood
   254 | D:1      | Reached XP level 3. HP: 28/28 MP: 8/8
   502 | D:1      | Glimpsed the power of Zot.
   533 | D:2      | Identified the +0 whip "Nuxkinlo" {freeze, Will+}
   586 | D:2      | Learned a level 3 spell: Spider Form
   738 | D:2      | Reached skill level 3 in Transmutations
   738 | D:2      | Reached skill level 1 in Poison Magic
   738 | D:2      | Reached XP level 4. HP: 36/36 MP: 7/9
   741 | D:2      | Found a faded altar of an unknown god.
   876 | D:2      | You pick up a book of Geomancy and begin reading...
   876 | D:2      | You add the spells Sandblast, Passwall and Stone Arrow to
                  | your library.
   909 | D:2      | Reached skill level 2 in Poison Magic
   914 | D:2      | Reached XP level 5. HP: 35/41 MP: 8/11
  1031 | D:3      | Learned a level 4 spell: Ice Form
  1572 | D:3      | You pick up a book of Cantrips and begin reading...
  1572 | D:3      | You add the spells Necrotise, Summon Small Mammal and
                  | Apportation to your library.
  1685 | D:3      | Noticed an ice beast
  1691 | D:3      | Killed an ice beast
  1692 | D:3      | Reached skill level 4 in Spellcasting
  1692 | D:3      | Reached skill level 4 in Transmutations
  1692 | D:3      | Reached skill level 3 in Poison Magic
  1692 | D:3      | Reached XP level 6. HP: 40/48 MP: 8/13
  1710 | D:3      | Glimpsed the power of Zot.
  1793 | D:4      | Noticed a sky beast
  1808 | D:4      | Killed a sky beast
  1808 | D:4      | HP: 11/57 [gnoll/+0 whip (7)]
  1809 | D:4      | Reached skill level 5 in Spellcasting
  1809 | D:4      | Reached skill level 5 in Transmutations
  1809 | D:4      | Reached XP level 7. HP: 12/53 MP: 4/15
  1813 | D:4      | HP: 9/79 [poisoned by an adder]
  1843 | D:4      | Found a sand-covered staircase.
  1851 | Ossuary  | Entered an ossuary
  1890 | Ossuary  | HP: 12/63 [mummy (15)]
  1969 | Ossuary  | HP: 9/63 [mummy (9)]
  2000 | Ossuary  | HP: 15/63 [mummy (6)]
  2199 | D:4      | Found Urhyibb's Armour Shop.
  2461 | D:4      | Reached skill level 6 in Spellcasting
  2586 | D:4      | Glimpsed the power of Zot.
  2617 | D:5      | Entered Level 5 of the Dungeon
  2643 | D:5      | Reached skill level 6 in Transmutations
  2666 | D:5      | Noticed a water moccasin
  2676 | D:5      | Killed a water moccasin
  2677 | D:5      | Reached XP level 8. HP: 58/60 MP: 16/19
  2800 | D:5      | Reached skill level 1 in Ice Magic
  2885 | D:5      | Reached skill level 2 in Ice Magic
  2979 | D:5      | Reached skill level 7 in Spellcasting
  2981 | D:5      | HP: 13/60 [gnoll/+0 spear[a gnoll bouda] (6)]
  2986 | D:5      | HP: 11/60 [gnoll/+0 spear[a gnoll bouda] (4)]
  2987 | D:5      | HP: 4/60 [gnoll/+0 spear[a gnoll bouda] (5)]
  3022 | D:5      | Reached skill level 7 in Transmutations
  3158 | D:5      | Reached skill level 3 in Ice Magic
  3168 | D:5      | Found a white marble altar of Elyvilon.
  3168 | D:5      | Found a stormy altar of Qazlal.
  3176 | D:5      | Reached skill level 3 in Dodging
  3192 | D:5      | Glimpsed the power of Zot.
  3244 | D:6      | Reached skill level 4 in Dodging
  3356 | D:6      | Found Oson's General Store.
  3536 | D:6      | Reached skill level 5 in Dodging
  3548 | D:6      | Gained mutation: You passively map the area around you.
                  | [Meteoran growth]
  3548 | D:6      | Reached XP level 9. HP: 48/67 MP: 20/20
  3740 | D:7      | Reached skill level 6 in Dodging
  3782 | D:7      | Reached skill level 7 in Dodging
  3854 | D:7      | You pick up a book of Maledictions and begin reading...
  3854 | D:7      | You add the spells Anguish and Enfeeble to your library.
  3901 | D:7      | HP: 19/80 [electric eel/bolt of electricity (9)]
  4396 | D:5      | Glimpsed the power of Zot.
  4445 | D:6      | Glimpsed the power of Zot.
  4485 | D:7      | Glimpsed the power of Zot.
  4494 | D:7      | Touched by the power of Zot.
  4588 | D:8      | HP: 14/61 [yak (2)]
  4589 | D:8      | HP: 3/61 [yak (11)]
  4591 | D:8      | Mangled by a yak

Vanquished Creatures
  A water moccasin (D:5)
  A sky beast (D:4)
  2 ice beasts
  An ogre (D:5)
  2 phantoms
  2 bullfrogs
  3 killer bees (D:7)
  A jelly (D:7)
  A gnoll bouda (D:5)
  An orc priest (D:7)
  A hound (D:5)
  4 iguanas
  A sleepcap (D:7)
  2 orc wizards (D:7)
  8 mummies (Ossuary)
  9 gnolls
  12 adders
  A shadow imp (D:6)
  A white imp (D:5)
  3 worms
  5 dart slugs
  5 orcs
  7 ball pythons
  4 endoplasms
  A giant cockroach (D:4)
  A gnoll zombie (Ossuary)
  6 goblins
  7 hobgoblins
  4 jackals (D:2)
  4 quokkas
  4 bats
  8 frilled lizards
  2 hobgoblin zombies (Ossuary)
  6 kobolds
  A kobold zombie (Ossuary)
  4 orc zombies (Ossuary)
  8 rats
134 creatures vanquished.

Vanquished Creatures (others)
  2 plants (D:7)
2 creatures vanquished.

Grand Total: 136 creatures vanquished

Table legend:
 A = Non-vault XP
 B = Vault XP
 C = Vault XP percentage of total XP
 D = Non-vault monster count
 E = Vault monster count
 F = Vault count percentage of total count
                 A         B        C        D         E       F
            +---------+---------+-------+---------+---------+-------
      Total |    1995 |     242 |  10.8 |     112 |      22 |  16.4
            +---------+---------+-------+---------+---------+-------
        D:1 |      26 |       3 |  10.3 |      19 |       2 |   9.5
        D:2 |      96 |       0 |   0.0 |      24 |       0 |   0.0
        D:3 |     171 |       4 |   2.3 |      15 |       2 |  11.8
        D:4 |     265 |       0 |   0.0 |      20 |       0 |   0.0
        D:5 |     642 |       0 |   0.0 |      17 |       0 |   0.0
        D:6 |     396 |       0 |   0.0 |       8 |       0 |   0.0
        D:7 |     399 |      79 |  16.5 |       9 |       2 |  18.2
    Ossuary |       0 |     156 | 100.0 |       0 |      16 | 100.0
            +---------+---------+-------+---------+---------+-------

Illustrated notes

Table legend:
 A = Kills in this place as a percentage of kills in the entire game.
 B = Kills by you in this place as a percentage of kills by you in the entire game.
 C = Kills by friends in this place as a percentage of kills by friends in the entire game.
 D = Other kills in this place as a percentage of other kills in the entire game.
 E = Experience gained in this place as a percentage of experience gained in the entire game.
 F = Experience gained in this place divided by the number of levels of this place that you have seen.
                   A       B       C       D       E      F
               +-------+-------+-------+-------+-------+----------------------
         Total | 100.0 | 100.0 |   N/A |   N/A | 100.0 | 248.6
       Dungeon |  88.1 |  88.1 |   N/A |   N/A |  93.0 | 260.1
       Ossuary |  11.9 |  11.9 |   N/A |   N/A |   7.0 | 156.0
               +-------+-------+-------+-------+-------+----------------------

Table legend: (Time is in decaauts)
 A = Elapsed time spent in this place.
 B = Non-inter-level travel time spent in this place.
 C = Inter-level travel time spent in this place.
 D = Time resting spent in this place.
 E = Time spent auto-exploring this place.
 F = Levels seen in this place.
 G = Mean time per level.
                   A        B        C        D        E       F      G
               +--------+--------+--------+--------+--------+-----+--------+
         Total |   4564 |   4213 |    351 |    152 |   2921 |   9 |  507.1 |
       Dungeon |   4295 |   3944 |    351 |     93 |   2826 |   8 |  536.9 |
       Ossuary |    268 |    268 |      0 |     59 |     95 |   1 |  268.0 |
               +--------+--------+--------+--------+--------+-----+--------+

Top non-repeatable levels by time:
     D:5: 922 daAuts
     D:3: 754 daAuts
     D:6: 618 daAuts
     D:4: 613 daAuts
     D:1: 502 daAuts
     D:2: 460 daAuts
     D:7: 328 daAuts
 Ossuary: 268 daAuts
     D:8: 95 daAuts
